 Dungeon Crawl Stone Soup version 0.27.0-1-g7a089689b8 (webtiles) character file.

Game seed: 4579617934534309613

126 SnakkuSnakku7 the Bolt Thrower (level 4, -2/35 HPs)
             Began as a Draconian Arcane Marksman on Aug 7, 2021.
             Was an Initiate of Fedhas.
             Killed by divine providence
             ... invoked by an orc priest
              (16 damage)
             ... on level 4 of the Dungeon.
             The game lasted 00:04:17 (2556 turns).

SnakkuSnakku7 the Bolt Thrower (DrAM)               Turns: 2556, Time: 00:04:18

Health: -2/35      AC:  6    Str: 12    XL:     4   Next: 84%
Magic:  5/5        EV: 12    Int: 14    God:    Fedhas [......]
Gold:   191        SH:  0    Dex: 12    Spells: 4/5 levels left

rFire    + . .     SeeInvis .   b - +1 dagger (venom)
rCold    . . .     Faith    .   (no shield)
rNeg     . . .     Spirit   .   (armour unavailable)
rPois    .         Reflect  .   (helmet restricted)
rElec    .         Harm     .   (no cloak)
rCorr    .         Rampage  .   (no gloves)
Will     .....                  e - +0 pair of boots
Stlth    +.........             (no amulet)
HPRegen  0.11/turn              d - ring of protection from fire
MPRegen  0.09/turn              (no ring)

@: no status effects
A: AC +5, unfitting armour, cold-blooded
a: Renounce Religion


You were on level 4 of the Dungeon.
You worshipped Fedhas.
Fedhas was noncommittal.
You visited 1 branch of the dungeon, and saw 4 of its levels.

You collected 191 gold pieces.

Inventory:

Hand Weapons
 a - a +0 hand crossbow
 b - a +1 dagger of venom (weapon)
 l - a +2 quarterstaff of speed
Missiles
 c - 20 bolts
Armour
 e - a +0 pair of boots (worn)
Jewellery
 d - a ring of protection from fire (left hand)
Scrolls
 i - a scroll of magic mapping {unknown}
 k - 2 scrolls of enchant armour {unknown}
 n - a scroll of acquirement {unknown}
 o - a scroll of amnesia {unknown}
 p - a scroll of enchant weapon {unknown}
Potions
 f - a potion of magic {unknown}
 g - a potion of heal wounds {unknown}
 h - 3 potions of curing
 j - a potion of attraction
 m - a potion of might


   Skills:
 - Level 1.1 Fighting
 * Level 4.6 Crossbows
 - Level 1.7 Dodging
 - Level 1.0 Spellcasting
 - Level 2.6 Hexes


You had 4 spell levels left.
You knew the following spells:

 Your Spells              Type           Power      Damage    Failure   Level
a - Corona                Hex            8%         N/A       9%          1

Your spell library contained the following spells:

 Spells                   Type           Power      Damage    Failure   Level
 Slow                     Hex            8%         N/A       13%         2
 Ensorcelled Hibernation  Hex/Ice        8%         N/A       22%         2
 Inner Flame              Hex/Fire       4%         N/A       41%         3
 Portal Projectile        Hex/Tloc       8%         N/A       41%         3
 Spider Form              Tmut/Pois      0%         N/A       61%         3
 Cause Fear               Hex            4%         N/A       65%         4
 Shadow Creatures         Summ           N/A        N/A       100%        6
 Discord                  Hex            4%         N/A       100%        8


Dungeon Overview and Level Annotations

Branches:
Dungeon (4/15)
 Temple: D:4-7

Altars:
Elyvilon
Fedhas
Nemelex Xobeh
Qazlal
Ru
Vehumet
Wu Jian
Xom


Innate Abilities, Weirdness & Mutations

Your plain brown scales are hard. (AC +5)
You cannot fit into any form of body armour.
You are cold-blooded and may be slowed by cold attacks.


Message History

You closely miss the orc. The orc closely misses you.
You barely miss the orc.
You tail-slap the orc, but do no damage.
The orc barely misses you.
You hit the orc but do no damage.
The orc is poisoned.
The orc misses you.
You hit the orc.
The orc looks as sick as possible!
The orc is heavily wounded.
The orc closely misses you.
You hit the orc but do no damage.
The orc looks as sick as possible!
The orc is heavily wounded.
You kill the orc!
Fedhas appreciates your contribution to the ecosystem.
Things that are here:
a +0 war axe; a +0 chain mail
There is a stone staircase leading down here.
You climb downwards.
You hear the hiss of flowing sand.
There is an entrance to an ossuary on this level.
Hurry and find it before the portal is buried!
Found a book of Dreams.
There is a stone staircase leading up here.
Found a book of Hexes.
You pick up a book of Dreams and begin reading...
You add the spells Ensorcelled Hibernation, Spider Form and Shadow Creatures to your library.
Found a scroll labelled UJIAGU LAECK.
You hear the slow hiss of a very distant avalanche of sand.
Found an orange potion.
You pick up a book of Hexes and begin reading...
You add the spell Discord to your library.
g - an orange potion
p - a scroll labelled UJIAGU LAECK An orc and an orc priest come into view.
The orc is wielding a +2 morningstar of protection.
Found a scroll of identify and a blue potion.
The orc priest shouts!
You hear a shout!
An orc comes into view.
It is wielding a +0 flail of protection.
The orc hits you with a +2 morningstar of protection!
The orc priest calls down the wrath of Beogh upon you.
Beogh smites you!
You die...
Fedhas appreciates your contribution to the ecosystem.

.##o####### #
.....o....######.#
..!.?.o.@......#.#
.##.#####.####..#
## # #.# #<.###.#
##.###...#.#
##.####...##..#.#
........#.....###
...####...#...# .
#### ##.##...# ..
... #.##...#


You could see an orc priest and 2 orcs.

Vanquished Creatures
  3 adders (D:2)
  A shadow imp (D:3)
  An adder skeleton (D:4)
  2 worms (D:2)
  2 dart slugs
  8 orcs
  2 bats (D:1)
  6 endoplasms
  6 giant cockroaches
  3 goblins
  9 hobgoblins
  6 jackals
  6 ball pythons
  A frilled lizard (D:1)
  4 kobolds
  3 rats
63 creatures vanquished.

Notes
Turn   | Place    | Note
-------+----------+-------------------------------------------
     0 | D:1      | SnakkuSnakku7 the Draconian Arcane Marksman began the quest
                  | for the Orb.
     0 | D:1      | Reached XP level 1. HP: 16/16 MP: 2/2
    93 | D:1      | Reached skill level 2 in Crossbows
   143 | D:1      | Reached XP level 2. HP: 23/23 MP: 3/3
   293 | D:1      | Reached skill level 3 in Crossbows
   556 | D:2      | Reached XP level 3. HP: 18/28 MP: 4/4
  1121 | D:2      | Reached skill level 4 in Crossbows
  1121 | D:2      | Reached XP level 4. HP: 32/35 MP: 5/5
  1495 | D:3      | Found a sparkling altar of Nemelex Xobeh.
  1969 | D:3      | Found a radiant altar of Vehumet.
  1972 | D:3      | Found a shimmering altar of Xom.
  1976 | D:3      | Found a white marble altar of Elyvilon.
  1976 | D:3      | Found a blossoming altar of Fedhas.
  1976 | D:3      | Found an ornate altar of the Wu Jian Council.
  1979 | D:3      | Found a stormy altar of Qazlal.
  1980 | D:3      | Found a sacrificial altar of Ru.
  2051 | D:3      | Became a worshipper of Fedhas Madash
  2266 | D:3      | Found a faded altar of an unknown god.
  2556 | D:4      | Killed from afar by an orc priest

Illustrated notes

Levels and vault maps discovered:
D:1:      scummos_arrival_checkerplants, layout_rooms
D:2:      layout_basic
D:3:      layout_rooms, minitemple, nicolae_overflow_crystal_walls,
          shapermc_ecumenical_altar_ellora
D:4:      layout_loops_ring, grunt_ashenzari_visionary
          [grunt_ashenzari_visionary_swamp, grunt_ashenzari_visionary_snake],
          temple_statues, enter_ossuary_2

Skill      XL: |  1  2  3 |
---------------+----------+-----
Crossbows      | 2 3 4 |  4.6
Fighting       | |  1.1
Dodging        | |  1.7
Spellcasting   | |  1.0
Hexes          | |  2.6

Action                   |  1- 3 |  4- 6 || total
-------------------------+-------+-------++-------
Melee: Dagger            |   124 |    83 ||   207
       Tailslap          |     9 |    13 ||    22
  Use: Potion            |     1 |       ||     1
       Scroll            |       |     2 ||     2
 Stab: Sleeping          |     1 |     2 ||     3
Armor: Skin              |    33 |    20 ||    53
Dodge: Dodged            |    91 |    51 ||   142
